 Dungeon Sprint DCSS version 0.28-a0-845-gfc338a8e3c (webtiles) character file.

Game seed: 8644061882942818099

308 xpp the Carver (level 6, -5/51 HPs)
             Began as a Demonspawn Gladiator on Nov 13, 2021.
             Was a Priest of Kikubaaqudgha.
             Killed from afar by Blork the orc (8 damage)
             ... with a magic dart
             ... in the Dungeon (Sprint VII: "The Pits").
             The game lasted 00:08:47 (411 turns).

xpp the Carver (Demonspawn Gladiator)                Turns: 411, Time: 00:08:49

Health: -5/51      AC:  7    Str: 15    XL:     6   Next: 16%
Magic:  6/6        EV: 15    Int: 10    God:    Kikubaaqudgha [***...]
Gold:   0          SH:  4    Dex: 15    Spells: 5/5 levels left

rFire   . . .      SeeInvis .   a - +0 long sword
rCold   . . .      Faith    .   (no shield)
rNeg    . . .      Spirit   .   b - +0 leather armour
rPois   .          Reflect  .   c - +0 helmet
rElec   .          Harm     .   (no cloak)
rCorr   .          Rampage  .   (no gloves)
Will    .....      NoTele   +   (no boots)
Stlth   +.........              (no amulet)
HPRegen 0.17/turn               (no ring)
MPRegen 0.10/turn               (no ring)

@: on berserk cooldown, slowed, very slow
A: molten scales 2, condensation shield
a: Renounce Religion, Receive Corpses


You were in the Dungeon.
You worshipped Kikubaaqudgha.
Kikubaaqudgha was most pleased with you.
You visited 1 branch

Inventory:

Hand Weapons
 a - a +0 long sword (weapon)
 k - a +2 falchion
 o - a +1 long sword of holy wrath
Missiles
 d - 3 throwing nets (quivered)
Armour
 b - a +0 leather armour (worn)
 c - a +0 helmet (worn)
Scrolls
 j - a scroll of blinking
 m - 5 scrolls of amnesia
 n - a scroll of summoning
Potions
 e - 6 potions of curing
 f - 5 potions of heal wounds
 g - a potion of haste
 h - 4 potions of magic
 i - 2 potions of berserk rage
 l - 2 potions of invisibility


   Skills:
 + Level 5.0 Fighting
 + Level 8.4 Long Blades
 + Level 2.9 Throwing
 + Level 3.6 Armour
 + Level 6.8 Dodging
 + Level 0.8 Stealth


You had 5 spell levels left.
You didn't know any spells.
Your spell library contained the following spells:

 Spells                   Type           Power      Damage    Failure   Level
 Animate Skeleton         Necr           0%         N/A       43%         1
 Pain                     Necr           0%         1d4       43%         1
 Sublimation of Blood     Necr           0%         N/A       56%         2
 Vampiric Draining        Necr           0%         2d6       80%         3
 Dispel Undead            Necr           0%         3d6       99%         4
 Agony                    Necr           0%         N/A       100%        5
 Borgnjor's Vile Clutch   Necr/Erth      0%         N/A       100%        5
 Excruciating Wounds      Necr           0%         N/A       100%        5
 Simulacrum               Ice/Necr       0%         N/A       100%        6


Dungeon Overview and Level Annotations

Branches:
Dungeon (1/1)

Altars:
Ashenzari
Cheibriados
Dithmenos
Elyvilon
Fedhas
Gozag
Hepliaklqana
Kikubaaqudgha
Makhleb
Nemelex Xobeh
Okawaru
Qazlal
Ru
Sif Muna
Trog
Uskayaw
Vehumet
Wu Jian
Xom
Yredelemnul
Zin
The Shining One
Beogh
Jiyva
Lugonu

Annotations:
D Blork the orc


Innate Abilities, Weirdness & Mutations

You are mostly covered in molten scales. (AC +3)
A meltable shield of frost defends you. (SH +4)


Message History

The gnoll shaman calls upon its god to speed up the gnoll.
The gnoll seems to speed up.
You slash Blork the orc!
Blork the orc is moderately wounded.
Blork the orc hits you with a +0 halberd.
You slash Blork the orc!
Blork the orc is severely wounded.
You are no longer berserk.
You are exhausted.
You feel yourself slow down. Blork the orc barely misses you.
You hit Blork the orc.
Blork the orc is almost dead.
Blork the orc closely misses you. You block Blork the orc's attack.
You barely miss Blork the orc.
Blork the orc is almost dead.
Blork the orc looks braver for a moment.
Blork the orc hits you with a +0 halberd.
* * * LOW HITPOINT WARNING * * *
You barely miss Blork the orc.
Blork the orc is almost dead.
You block Blork the orc's attack. Blork the orc misses you.
Blork the orc hits you but does no damage.
You barely miss Blork the orc.
Blork the orc is almost dead.
Blork the orc is no longer moving quickly.
You block Blork the orc's attack.
Blork the orc mumbles some strange words.
Blork the orc seems to speed up.
You barely miss Blork the orc.
Blork the orc is almost dead.
Blork the orc hits you with a +0 halberd!
* * * LOW HITPOINT WARNING * * *
Blork the orc barely misses you.
You closely miss Blork the orc.
Blork the orc is almost dead.
Blork the orc frowns.
Blork the orc casts a spell at you. The magic dart hits you!
You die...
Kikubaaqudgha rasps: "You have failed me!
Welcome... death!"

#.?(.')))'.##.....
##########.##.....
#.....).....'.....
#'#####)#####.....
#.#..#..#..##..†..
#.#..'..'..#####'#
#.##'####'###.....
#.#........##.....
#@#........##.....
#o#####'#####...<.
#g#..[).)..##.....
#g#..[)))..##.....
#g###########.....


#go ###### #g.# #.## #.g You could see Blork the orc (fast), a gnoll shaman, 4
gnolls and an orc.

Vanquished Creatures
  A flying skull (D)
  A floating eye (D)
  An iron imp (D)
  A gnoll (D)
  An orc (D)
  3 bats (D)
  A bat skeleton (D)
  An endoplasm (D)
  A ball python skeleton (D)
  A ball python zombie (D)
  A kobold (D)
13 creatures vanquished.

Notes
Turn   | Place    | Note
-------+----------+-------------------------------------------
     0 | D        | xpp the Demonspawn Gladiator began the quest for the Orb.
     0 | D        | Reached XP level 1. HP: 16/16 MP: 1/1
    40 | D        | Found a bloodstained altar of Trog.
    40 | D        | Found a shimmering blue altar of Sif Muna.
    40 | D        | Found a viscous altar of Jiyva.
    40 | D        | Found a hazy altar of Hepliaklqana.
    40 | D        | Found an opulent altar of Gozag.
    41 | D        | Found a basalt altar of Yredelemnul.
    41 | D        | Found a shimmering altar of Xom.
    41 | D        | Found an ornate altar of the Wu Jian Council.
    41 | D        | Found a sacrificial altar of Ru.
    41 | D        | Found a stormy altar of Qazlal.
    41 | D        | Found an iron altar of Okawaru.
    41 | D        | Found a sparkling altar of Nemelex Xobeh.
    41 | D        | Found a burning altar of Makhleb.
    41 | D        | Found a blossoming altar of Fedhas.
    41 | D        | Found a shadowy altar of Dithmenos.
    41 | D        | Found a snail-covered altar of Cheibriados.
    42 | D        | Found a radiant altar of Vehumet.
    42 | D        | Found a corrupted altar of Lugonu.
    43 | D        | Found a hide-covered altar of Uskayaw.
    43 | D        | Found an ancient bone altar of Kikubaaqudgha.
    43 | D        | Found a broken altar of Ashenzari.
    51 | D        | Became a worshipper of Kikubaaqudgha
    84 | D        | Reached skill level 3 in Long Blades
   181 | D        | Noticed a floating eye
   186 | D        | Paralysed by a floating eye for 2 turns
   191 | D        | Killed a floating eye
   191 | D        | Reached * piety under Kikubaaqudgha
   191 | D        | Received a gift from Kikubaaqudgha
   192 | D        | Reached skill level 6 in Long Blades
   192 | D        | Reached skill level 1 in Armour
   192 | D        | Reached skill level 5 in Dodging
   192 | D        | Gained mutation: You are partially covered in molten
                  | scales. (AC +2) [demonic ancestry]
   192 | D        | Reached XP level 2. HP: 24/25 MP: 2/2
   192 | D        | Reached XP level 3. HP: 29/30 MP: 3/3
   192 | D        | Reached XP level 4. HP: 36/37 MP: 4/4
   235 | D        | Reached ** piety under Kikubaaqudgha
   377 | D        | Noticed Blork the orc
   378 | D        | Noticed a flying skull
   393 | D        | Reached *** piety under Kikubaaqudgha
   393 | D        | Received a gift from Kikubaaqudgha
   394 | D        | Gained mutation: A meltable shield of frost defends you.
                  | (SH +4) [demonic ancestry]
   394 | D        | Reached XP level 5. HP: 42/42 MP: 5/5
   402 | D        | Killed a flying skull
   403 | D        | Reached skill level 5 in Fighting
   403 | D        | Reached skill level 8 in Long Blades
   403 | D        | Gained mutation: You are mostly covered in molten scales.
                  | (AC +3) [demonic ancestry]
   403 | D        | Reached XP level 6. HP: 26/51 MP: 6/6
   410 | D        | HP: 2/51 [Blork the orc (11)]
   411 | D        | Killed from afar by Blork the orc

Illustrated notes

Levels and vault maps discovered:
D:        pitsprint [storerooms_1, entrance_room_1, metal_vault_6, armoury_3,
          mini_pit_1, grid_room_1, main_hall_1, silver_pit, the_coven_3,
          the_vestibule_1, steel_vault_3, golden_pit, hallway_of_sentries,
          crystal_vault_4, iron_vault_2, final_vault]

Skill      XL: |  1  2  3  4  5 |
---------------+----------------+-----
Long Blades    | 6 8 |  8.4
Dodging        | 5 6 |  6.8
Fighting       | 3 4 5 |  5.0
Throwing       | 2 |  2.9
Armour         | 1 3 |  3.6
Stealth        | |  0.8

Action                   |  1- 3 |  4- 6 || total
-------------------------+-------+-------++-------
Melee: Long sword        |    14 |    54 ||    68
  Use: Potion            |       |     2 ||     2
Armor: Leather armour    |     2 |    18 ||    20
Dodge: Dodged            |    10 |    61 ||    71
Block: Other             |       |     4 ||     4

Table legend: (Time is in decaauts)
 A = Elapsed time spent in this place.
 B = Non-inter-level travel time spent in this place.
 C = Inter-level travel time spent in this place.
 D = Time resting spent in this place.
 E = Time spent auto-exploring this place.
 F = Levels seen in this place.
 G = Mean time per level.
                   A        B        C        D        E       F      G
               +--------+--------+--------+--------+--------+-----+--------+
         Total |    413 |    413 |      0 |    151 |      0 |   1 |  413.0 |
       Dungeon |    413 |    413 |      0 |    151 |      0 |   1 |  413.0 |
               +--------+--------+--------+--------+--------+-----+--------+

Top non-repeatable levels by time:
       D: 413 daAuts
